 Dungeon Crawl Stone Soup version 0.27-a0-1186-g8b4daa1eef (webtiles) character file.

Game seed: 8781464876762709807

352 leviel the Chopper (level 6, -3/56 HPs)
             Began as a Minotaur Fighter on May 19, 2021.
             Slain by a wyvern (11 damage)
             ... on level 4 of the Dungeon.
             The game lasted 00:03:11 (3286 turns).

leviel the Chopper (Minotaur Fighter)               Turns: 3286, Time: 00:03:11

Health: -3/56      AC: 10    Str: 22    XL:     6   Next: 34%
Magic:  5/5        EV:  7    Int:  5    God:
Gold:   132        SH: 10    Dex: 10    Spells: 5/5 levels left

rFire    . . .     SeeInvis .   a - +0 war axe
rCold    . . .     Faith    .   c - +0 kite shield
rNeg     . . .     Spirit   .   b - +0 scale mail
rPois    .         Reflect  .   (helmet restricted)
rElec    .         Harm     .   h - +1 cloak
rCorr    .         Rampage  .   l - +0 pair of gloves
Will     .....                  (no boots)
Stlth    ..........             (no amulet)
HPRegen  0.18/turn              (no ring)
MPRegen  0.09/turn              (no ring)

@: no status effects
A: horns 2, retaliatory headbutt
a: no special abilities


You were on level 4 of the Dungeon.
You visited 1 branch of the dungeon, and saw 4 of its levels.

You collected 132 gold pieces.

Inventory:

Hand Weapons
 a - a +0 war axe (weapon)
Armour
 b - a +0 scale mail (worn)
 c - a +0 kite shield (worn)
 h - a +1 cloak (worn)
 l - a +0 pair of gloves (worn)
Jewellery
 n - a ring of resist corrosion
 o - a ring of wizardry
Scrolls
 e - a scroll of teleportation {unknown}
 g - a scroll of brand weapon {unknown}
 i - 3 scrolls of identify {unknown}
 j - a scroll of enchant weapon {unknown}
 k - a scroll of magic mapping {unknown}
Potions
 d - 3 potions of degeneration {unknown}
 f - a potion of invisibility {unknown}
 m - a potion of heal wounds {unknown}


   Skills:
 + Level 5.2 Fighting
 * Level 5.3 Axes
 + Level 5.0 Armour
 + Level 5.0 Shields


You had 5 spell levels left.
You didn't know any spells.
Your spell library was empty.

Dungeon Overview and Level Annotations

Branches:
Dungeon (4/15)
 Temple: D:4-7

Altars:
Dithmenos
Fedhas
Vehumet


Innate Abilities, Weirdness & Mutations

You have a pair of horns on your head.
You reflexively headbutt those who attack you in melee.


Message History

The wyvern bites you but does no damage.
You slash the wyvern!
The wyvern is moderately wounded.
You hit the endoplasm. The wyvern bites you! The endoplasm closely misses you.
The wyvern bites you! The endoplasm freezes you.
You are frozen.
You are too injured to fight recklessly!
You are too injured to fight recklessly!
You are too injured to fight recklessly!
You are too injured to fight recklessly!
You are too injured to fight recklessly!
You are too injured to fight recklessly!
You are too injured to fight recklessly!
You are too injured to fight recklessly!
You are too injured to fight recklessly!
Unknown command.
You closely miss the wyvern. Your headbutt misses the wyvern.
The wyvern is moderately wounded.
You slash the endoplasm!
You kill the endoplasm!
The wyvern bites you. The wyvern closely misses you. You furiously retaliate!
You headbutt the wyvern. You barely miss the wyvern. You headbutt the wyvern.
The wyvern is heavily wounded.
The wyvern bites you.
The wyvern bites you but does no damage.
You slash the wyvern!
The wyvern is almost dead.
The wyvern barely misses you. The wyvern bites you!
* * * LOW HITPOINT WARNING * * *
You closely miss the wyvern.
The wyvern is almost dead.
The wyvern barely misses you. You block the wyvern's attack.
The wyvern barely misses you. You furiously retaliate!
You headbutt the wyvern, but do no damage.
You closely miss the wyvern.
The wyvern is almost dead.
You block the wyvern's attack. The wyvern bites you!
You die...

#....#.
#.....##
#......#
.#####
#......##
......
#.......#
......
#.......#..
......
#..l....#.#
......
#.@.....>.#
......
#.........#
<.....
#........#
......
#........#
.....#
##.......#
#...##
#.......#
#..# #
####....#
###
##.......#
#......#.#


You could see a wyvern.

Vanquished Creatures
  An ogre (D:4)
  A phantom (D:4)
  An iguana (D:4)
  9 adders
  2 dart slugs
  5 orcs
  8 ball pythons
  9 endoplasms
  2 giant cockroaches
  7 goblins
  4 hobgoblins
  8 jackals
  2 quokkas (D:2)
  5 bats (D:1)
  5 frilled lizards
  4 kobolds
  6 rats
79 creatures vanquished.

Notes
Turn   | Place    | Note
-------+----------+-------------------------------------------
     0 | D:1      | leviel the Minotaur Fighter began the quest for the Orb.
     0 | D:1      | Reached XP level 1. HP: 19/19 MP: 0/0
    75 | D:1      | Reached XP level 2. HP: 24/27 MP: 1/1
   539 | D:1      | You fall into a shaft and drop 1 floor!
   544 | D:2      | Reached XP level 3. HP: 33/33 MP: 2/2
  1356 | D:2      | Reached XP level 4. HP: 41/41 MP: 3/3
  1382 | D:2      | Found a faded altar of an unknown god.
  2766 | D:4      | Reached XP level 5. HP: 38/47 MP: 4/4
  2876 | D:4      | Found a blossoming altar of Fedhas.
  2879 | D:4      | Found a radiant altar of Vehumet.
  2882 | D:4      | Found a shadowy altar of Dithmenos.
  3022 | D:4      | Noticed an ogre
  3028 | D:4      | Killed an ogre
  3029 | D:4      | Reached skill level 5 in Fighting
  3189 | D:4      | Reached XP level 6. HP: 56/56 MP: 5/5
  3192 | D:4      | Reached skill level 5 in Axes
  3205 | D:4      | Reached skill level 5 in Armour
  3205 | D:4      | Reached skill level 5 in Shields
  3278 | D:4      | Noticed a wyvern
  3286 | D:4      | Slain by a wyvern

Illustrated notes

Levels and vault maps discovered:
D:1:      onia_arrival_mini_spirals, layout_basic
D:2:      layout_basic, hellmonk_ecumenical_altar_leap_of_faith,
          chequers_serial_rivers_small_3, minmay_misc_feat_secret_circle
D:3:      layout_basic, due_unseen_surprise
D:4:      layout_cave_pods, grunt_temple_overflow_open, grunt_ministairs_10,
          minmay_goblin_outpost

Skill      XL: |  1  2  3  4  5  6 |
---------------+-------------------+-----
Fighting       | 4 5 |  5.2
Axes           | 3 4 5 |  5.3
Armour         | 4 5 |  5.0
Shields        | 4 5 |  5.0

Action                   |  1- 3 |  4- 6 || total
-------------------------+-------+-------++-------
Melee: War axe           |    88 |    80 ||   168
       Headbutt          |     8 |    12 ||    20
  Use: Potion            |       |     1 ||     1
Armor: Scale mail        |    53 |    37 ||    90
Dodge: Dodged            |    27 |    20 ||    47
Block: Kite shield       |    61 |    34 ||    95

Table legend: (Time is in decaauts)
 A = Elapsed time spent in this place.
 B = Non-inter-level travel time spent in this place.
 C = Inter-level travel time spent in this place.
 D = Time resting spent in this place.
 E = Time spent auto-exploring this place.
 F = Levels seen in this place.
 G = Mean time per level.
                   A        B        C        D        E       F      G
               +--------+--------+--------+--------+--------+-----+--------+
         Total |   3377 |   3253 |    124 |      0 |   2791 |   4 |  844.2 |
       Dungeon |   3377 |   3253 |    124 |      0 |   2791 |   4 |  844.2 |
               +--------+--------+--------+--------+--------+-----+--------+

Top non-repeatable levels by time:
     D:2: 1296 daAuts
     D:3: 908 daAuts
     D:4: 606 daAuts
     D:1: 565 daAuts
